 Dungeon Crawl Stone Soup version 0.29-a0-307-gecccbbdb84 (webtiles) character file.

Game seed: 18068475618218450736

292 wakim the Cudgeller (level 6, -1/51 HPs)
             Began as a Palentonga Warper on Mar 27, 2022.
             Slain by an orc wizard
             ... wielding a +0 dagger of speed
              (3 damage)
             ... on level 6 of the Dungeon.
             The game lasted 00:11:20 (3846 turns).

wakim the Cudgeller (Palentonga Warper)             Turns: 3846, Time: 00:11:21

Health: -1/51      AC:  7    Str: 16    XL:     6   Next: 10%
Magic:  9/9        EV:  9    Int: 14    God:
Gold:   82         SH:  0    Dex:  9    Spells: 7/9 levels left

rFire   . . .      SeeInvis +   a - +1 demon trident
rCold   . . .      Faith    .   (no shield)
rNeg    . . .      Spirit   .   M - +0 leather armour
rPois   .          Reflect  .   P - +0 helmet
rElec   .          Harm     .   T - +0 cloak
rCorr   .          Rampage  .   W - +0 pair of gloves
Will    +....                   (no barding)
Stlth   +.........              (no amulet)
HPRegen 0.17/turn               S - ring of willpower
MPRegen 0.11/turn               (no ring)

@: lethally poisoned (-1 -> -22)
A: large, rugged brown scales 3, see invisible, deformed body, roll 1, armoured
tail
a: Rolling Charge


You were on level 6 of the Dungeon.
You visited 1 branch of the dungeon, and saw 5 of its levels.

You collected 230 gold pieces.
You spent 148 gold pieces at shops.

Inventory:

Hand Weapons
 a - a +1 demon trident (weapon)
 b - a +0 morningstar
 N - a +0 dire flail
Missiles
 J - 6 poisoned darts
 X - 7 boomerangs of dispersal {=f!f}
 Z - 2 boomerangs
Armour
 M - a +0 leather armour (worn)
 P - a +0 helmet (worn)
 T - a +0 cloak (worn)
 W - a +0 pair of gloves (worn)
Jewellery
 S - a ring of willpower (left hand)
Wands
 u - a wand of mindburst (7)
Scrolls
 R - 3 scrolls of magic mapping {!r}
 U - 3 scrolls of fear
 V - a scroll of vulnerability {!r!r}
 Y - a scroll of blinking {!r}
Potions
 D - 2 potions of brilliance
 F - 4 potions of curing
 L - a potion of heal wounds {unknown}
 O - a potion of resistance
 Q - a potion of lignification {unknown}


   Skills:
 + Level 3.7 Fighting
 - Level 4.0 Maces & Flails
 * Level 2.2 Polearms
 - Level 0.6 Throwing
 - Level 0.7 Armour
 - Level 1.5 Dodging
 - Level 2.0 Spellcasting
 - Level 4.0 Translocations


You had 7 spell levels left.
You knew the following spells:

 Your Spells              Type           Power      Damage    Failure   Level
B - Blink                 Tloc           24%        N/A       9%          2

Your spell library contained the following spells:

 Spells                   Type           Power      Damage    Failure   Level
 Gell's Gravitas          Tloc           12%        N/A       17%         3
 Lesser Beckoning         Tloc           12%        N/A       17%         3
 Teleport Other           Tloc           12%        N/A       17%         3
 Conjure Flame            Conj/Fire      1%         6-21      65%         3
 Ignite Poison            Fire/Tmut/Pois 1%         N/A       65%         3
 Manifold Assault         Tloc           12%        N/A       83%         5
 Sticky Flame             Conj/Fire      1%         2d3       96%         4
 Iskenderun's Battlesphe  Conj           1%         2d6       100%        5
 Iron Shot                Conj/Erth      0%         9d1       100%        6
 Spellforged Servitor     Conj/Summ      0%         N/A       100%        7


Dungeon Overview and Level Annotations

Branches:
Dungeon (4/15)
 Temple: D:4-7

Altars:
Ashenzari

Shops:
D:1 *   D:4 *   D:6 *


Innate Abilities, Weirdness & Mutations

You are completely covered in rugged brown scales. (AC +3, +7% HP)
You have supernaturally acute eyesight. (SInv)
Armour fits poorly on your strangely shaped body.
You can roll at nearby foes to attack.
You have a long armoured tail.


Message History

The orc barely misses you. 30/51 (-9)
You are too injured to fight recklessly!
You barely miss the orc priest.
The orc priest is severely wounded.
You feel very sick.
The orc wizard casts a spell.
The orc wizard flickers and vanishes for a moment.
The orc hits you but does no damage.
The orc priest closely misses you. 25/51 (-5)
You hit the orc priest.
The orc priest is almost dead.
You feel very sick. The orc wizard casts a spell at you.
You resist with almost no effort. The orc hits you with a +0 short sword.
* * * LOW HITPOINT WARNING * * *
An orc comes into view. It is wielding a +0 club.
The orc priest hits you but does no damage.
You are lethally poisoned! 19/51 (-6)
You barely miss the orc priest.
The orc priest is almost dead.
* * * LOW HITPOINT WARNING * * *
You feel very sick.
The orc wizard hits you but does no damage.
The orc hits you but does no damage.
The orc priest hits you with a +2 whip of venom.
* * * LOW HITPOINT WARNING * * *
You are more poisoned.
The orc wizard hits you but does no damage.
The orc barely misses you.
The orc priest hits you but does no damage.
You are more poisoned. 9/51 (-10)
You barely miss the orc wizard.
You tail-slap the orc wizard, but do no damage.
* * * LOW HITPOINT WARNING * * *
You feel extremely sick.
The orc wizard hits you with a +0 dagger of speed.
You die...

#### .# >..# .#
##...### ##. .. .##..
....# #..#######
##..#.....
#####.....######.#
###..........)@oo..#
#...).......#.ooo..#
###.#.........#.$....#
....#.........#.....##
#####.........##....#
############....#
#....# #....#


You could see an orc priest, an orc wizard (invisible) and 3 orcs.

Vanquished Creatures
  A scorpion (D:4)
  2 iguanas
  2 orc wizards
  5 adders
  An ufetubus (D:4)
  A worm (D:2)
  A dart slug (D:1)
  10 orcs
  10 ball pythons
  6 endoplasms
  2 giant cockroaches
  6 goblins
  8 hobgoblins
  3 jackals (D:1)
  2 quokkas
  5 bats
  A frilled lizard (D:1)
  4 kobolds
  4 rats
74 creatures vanquished.

Vanquished Creatures (others)
  3 plants (D:2)
3 creatures vanquished.

Grand Total: 77 creatures vanquished

Notes
Turn   | Place    | Note
-------+----------+-------------------------------------------
     0 | D:1      | wakim the Palentonga Warper began the quest for the Orb.
     0 | D:1      | Reached XP level 1. HP: 17/17 MP: 3/3
    16 | D:1      | Found Jucwoan's Assorted Antiques.
   218 | D:1      | Reached XP level 2. HP: 23/23 MP: 5/5
   224 | D:1      | !bestwep
   635 | D:1      | Found a faded altar of an unknown god.
  1039 | D:1      | Reached XP level 3. HP: 29/29 MP: 6/6
  1462 | D:2      | Learned a level 2 spell: Blink
  1479 | D:2      | Reached XP level 4. HP: 35/36 MP: 7/7
  2508 | D:3      | Found a broken altar of Ashenzari.
  2579 | D:3      | HP: 1/37 [orc/+0 trident (3)]
  2899 | D:3      | !bestwep
  3112 | D:3      | Reached XP level 5. HP: 43/43 MP: 8/8
  3170 | D:4      | Found Myliapn's Lightly-Used Armoury.
  3175 | D:4      | Bought a -1 demon trident for 110 gold pieces
  3265 | D:4      | Reached skill level 1 in Polearms
  3722 | D:4      | You fall into a shaft and drop 2 floors!
  3726 | D:6      | Reached XP level 6. HP: 49/50 MP: 9/9
  3789 | D:6      | Found Rimoff's General Store.
  3803 | D:6      | Bought a scroll of fear for 38 gold pieces
  3832 | D:6      | !bestwep
  3846 | D:6      | HP: 2/51 [poisoned by an orc priest]
  3846 | D:6      | Slain by an orc wizard

Illustrated notes ### ### #.. ..# #.# ####.# #.# ..##.# #.# #.##.# #.# #.##.# #.###.##.############### ................@.>..... #####.##+#.#######...... ###........# ..... ..'........# .... .##........# ... .........#.# .. .#########.# r ##########.# ......... Turn 224 on D:1: !bestwep

#.........########
#.........#
#.........#
#.........###*
#............# #
#######..........#
#
#................#
#
*.#####..........#
#
*,#<)@.).....#####
#
*****#.####.......#
#
*,,,..............#
#
**,*##.#####......#
# *,* *,* ##.###.#
# *,* *,* #.#...# #
*,* *,* #.#.#######
# *,* *,*
#.#.#.....##### *,*
*,* #o#.#.#........


Turn 2899 on D:3: !bestwep #.######...# ##.# .. #..# # ##.## .## ###..### #..#.
....∩..# #####..... .......# ###......... .......# #...).......
.......######.#.@....... ..............#......... .......########.........
.......# ########## .......# .......# .......# ######## Turn 3832 on D:6:
!bestwep

Levels and vault maps discovered:
D:1:      tarquinn_simple_flora_water_a, layout_basic, serial_shops,
          nicolae_shop_statue_plus, shapermc_ecumenical_altar_petra,
          minmay_small_reverse_x
D:2:      cheibrodos_old_hovel, layout_rooms, dk_noncrumbling_4
D:3:      layout_basic, nicolae_overflow_crystal_walls, mrwooster_statue_mirror
D:4:      layout_rooms, minmay_shop_damaged, minmay_parallelograms,
          corexii_checkpoint_a
D:6:      layout_rooms, serial_shops, shop

Skill      XL: |  1  2  3  4  5 |
---------------+----------------+-----
Maces & Flails | 3 4 |  4.0
Fighting       | 3 |  3.7
Polearms       | 2 |  2.2
Translocations | 4 |  4.0
Throwing       | |  0.6
Armour         | |  0.7
Dodging        | |  1.5
Spellcasting   | |  2.0

Action                   |  1- 3 |  4- 6 || total
-------------------------+-------+-------++-------
Melee: Mace              |   116 |    84 ||   200
       Tailslap          |    18 |    14 ||    32
       Punch             |     1 |     1 ||     2
       Morningstar       |       |     5 ||     5
       Demon trident     |       |    46 ||    46
 Cast: Blink             |       |     1 ||     1
 Abil: Rolling Charge    |    26 |    26 ||    52
  Use: Scroll            |     3 |    10 ||    13
       Potion            |       |     1 ||     1
Armor: Leather armour    |    53 |    67 ||   120
Dodge: Dodged            |    58 |    76 ||   134

Table legend: (Time is in decaauts)
 A = Elapsed time spent in this place.
 B = Non-inter-level travel time spent in this place.
 C = Inter-level travel time spent in this place.
 D = Time resting spent in this place.
 E = Time spent auto-exploring this place.
 F = Levels seen in this place.
 G = Mean time per level.
                   A        B        C        D        E       F      G
               +--------+--------+--------+--------+--------+-----+--------+
         Total |   3908 |   3763 |    145 |    680 |   2315 |   5 |  781.6 |
       Dungeon |   3908 |   3763 |    145 |    680 |   2315 |   5 |  781.6 |
               +--------+--------+--------+--------+--------+-----+--------+

Top non-repeatable levels by time:
     D:1: 1240 daAuts
     D:2: 1104 daAuts
     D:3: 878 daAuts
     D:4: 560 daAuts
     D:6: 125 daAuts
